 Dungeon Crawl Stone Soup version 0.30-a0-570-g486de37d69 (webtiles) character file.

Game seed: 1518204097548549592

1071 HoaS the Skirmisher (level 8, -3/44 HPs)
             Began as a Tengu Hunter on Dec 29, 2022.
             Was an Initiate of Gozag.
             Slain by Pikel
             ... wielding a +0 whip of electrocution
              (8 damage)
             ... on level 6 of the Dungeon.
             The game lasted 00:14:36 (5257 turns).

HoaS the Skirmisher (Tengu Hunter)                  Turns: 5257, Time: 00:14:36

Health: -3/44      AC:  6    Str: 12    XL:     8   Next: 28%
Magic:  9/9        EV: 14    Int: 10    God:    Gozag
Gold:   422        SH:  0    Dex: 19    Spells: 7/7 levels left

rFire   + . .      SeeInvis .    a - +0 shortbow
rCold   . . .      Faith    .    (shield currently unavailable)
rNeg    + . .      Spirit   .    s - +1 leather armour {rF+}
rPois   .          Reflect  .    (helmet restricted)
rElec   .          Harm     .    d - +1 cloak {rCorr}
rCorr   +          Rampage  .    (no gloves)
Will    .....                    (boots unavailable)
Stlth   ++                       (no amulet)
HPRegen 0.27/turn                h - ring of positive energy
MPRegen 0.11/turn                (no ring)

@: mighty, flying quickly and evasively, quick
A: beak, talons 3, nimble flight
a: Renounce Religion, Potion Petition, Call Merchant, Bribe Branch


You were on level 6 of the Dungeon.
You worshipped Gozag.
Gozag was aware of your devotion.
You visited 1 branch of the dungeon, and saw 6 of its levels.

You collected 513 gold pieces.
You paid 91 gold pieces to Gozag.

Inventory:

Hand Weapons
 a - a +0 shortbow (weapon)
Armour
 d - a +1 cloak of preservation (worn)
 s - a +1 leather armour of fire resistance (worn)
Jewellery
 h - a ring of positive energy (left hand)
Wands
 f - a wand of flame (28)
 j - a wand of roots (8)
 o - a wand of quicksilver (8)
 q - a wand of charming (7)
Scrolls
 b - a scroll of immolation
 e - 4 scrolls of teleportation
 k - a scroll of fear
 t - a scroll of vulnerability {unknown}
 u - a scroll of silence
Potions
 c - a potion of lignification {unknown}
 g - a potion of attraction
 l - a potion of degeneration
 m - 2 potions of resistance
 n - 2 potions of ambrosia
 p - a potion of heal wounds
 r - a potion of haste {unknown}


   Skills:
 - Level 2.0 Fighting
 + Level 11.2 Ranged Weapons
 - Level 2.1 Dodging
 - Level 1.0 Stealth


You had 7 spell levels left.
You didn't know any spells.
Your spell library was empty.

Dungeon Overview and Level Annotations

Branches:
Dungeon (6/15)
 Temple: D:4-7

Altars:
Cheibriados
Gozag
Kikubaaqudgha
Xom
Yredelemnul

Annotations:
D:5 2 transporters, Chingon's ghost, amateur MiFi
D:6 Pikel


Innate Abilities, Weirdness & Mutations

You have a beak for a mouth.
You have claws for feet.
Your magical nature lets you fly swiftly and evasively.


Message History

The lemure is moderately wounded.
You shoot an arrow. The arrow hits the lemure.
The lemure is heavily wounded.
You hear a shout!
Pikel, Merchant of Souls comes into view.
He is wielding a +0 whip of electrocution.
You shoot an arrow. The arrow hits the lemure!
The lemure is severely wounded.
You shoot an arrow. The arrow closely misses the lemure.
The arrow hits Pikel but does no damage.
You shoot an arrow. The arrow closely misses the lemure.
The arrow hits Pikel but does no damage.
The lemure completely misses you.
Pikel says, "I just want to get paid!"
You shoot an arrow.
The arrow hits the lemure but does no damage.
The lemure is severely wounded.
The lemure hits you.
You shoot an arrow. The arrow hits the lemure!
You kill the lemure!
That felt strangely unrewarding.
You shoot an arrow. The arrow barely misses Pikel.
You feel very mighty all of a sudden. Pikel misses you.
You shoot an arrow. The arrow hits Pikel.
Pikel is lightly wounded.
Pikel hits you but does no damage.
You are electrocuted!
You shoot an arrow.
The arrow hits Pikel but does no damage.
Pikel is lightly wounded.
Pikel hits you with a +0 whip of electrocution.
You shoot an arrow. The arrow hits Pikel.
Pikel is moderately wounded.
Pikel hits you with a +0 whip of electrocution.
You are electrocuted!
* * * LOW HITPOINT WARNING * * *
You shoot an arrow. The arrow hits Pikel.
Pikel is moderately wounded.
Pikel hits you with a +0 whip of electrocution!
You die...
Your body crumbles into a pile of gold.

###..>.............
###............##
####>..........<#
###................#
#...................
###.........###......
###......##..##
#...... #........#
...# .......
##...#@..#
...#........
######K...............
#..[##..## #....#
#..... .....# #.....
..... $


You could see Pikel.

Vanquished Creatures
  4 lemures
  A necrophage (D:5)
  4 wights (D:5)
  2 orc priests (D:3)
  2 hounds (D:5)
  Jessica (D:2)
  A gnoll bouda (D:5)
  2 iguanas
  Natasha (thrice) (D:2)
  6 orc wizards
  Ijyb (D:5)
  11 gnolls
  9 adders
  2 shadow imps (D:6)
  A white imp (D:6)
  2 dart slugs
  17 orcs
  10 bats
  6 endoplasms
  5 giant cockroaches
  11 goblins
  7 hobgoblins
  3 jackals (D:2)
  7 kobolds
  4 quokkas
  9 ball pythons
  5 frilled lizards
  7 rats
143 creatures vanquished.

Vanquished Creatures (others)
  56 plants (D:3)
56 creatures vanquished.

Grand Total: 199 creatures vanquished

Notes
Turn   | Place    | Note
-------+----------+-------------------------------------------
     0 | D:1      | HoaS the Tengu Hunter began the quest for the Orb.
     0 | D:1      | Reached XP level 1. HP: 12/12 MP: 2/2
   195 | D:1      | Reached XP level 2. HP: 17/17 MP: 3/3
   212 | D:1      | Reached skill level 5 in Ranged Weapons
   409 | D:1      | Reached XP level 3. HP: 21/21 MP: 4/4
   465 | D:1      | You fall into a shaft and drop 1 floor!
   870 | D:2      | Reached skill level 6 in Ranged Weapons
   881 | D:2      | Reached XP level 4. HP: 26/26 MP: 5/5
   926 | D:2      | Noticed Jessica
   929 | D:2      | Killed Jessica
  1142 | D:2      | Noticed Natasha
  1145 | D:2      | Killed Natasha
  1146 | D:2      | Gained mutation: Your magical nature lets you fly swiftly
                  | and evasively. [Tengu growth]
  1146 | D:2      | Reached XP level 5. HP: 30/30 MP: 6/6
  1367 | D:3      | Reached skill level 7 in Ranged Weapons
  1442 | D:3      | Identified the +0 pair of boots of the Miller {+Blink Int+4
                  | Dex-2}
  1801 | D:3      | Reached XP level 6. HP: 35/35 MP: 7/7
  1824 | D:2      | Noticed Natasha
  1829 | D:2      | Killed Natasha
  1830 | D:2      | Reached skill level 8 in Ranged Weapons
  2021 | D:2      | Noticed Natasha
  2025 | D:2      | Killed Natasha
  2983 | D:4      | Found a shimmering altar of Xom.
  3229 | D:5      | Entered Level 5 of the Dungeon
  3241 | D:5      | Noticed Ijyb
  3257 | D:5      | Killed Ijyb
  3258 | D:5      | Reached skill level 9 in Ranged Weapons
  3258 | D:5      | Reached XP level 7. HP: 27/40 MP: 8/8
  3518 | D:5      | Found an opulent altar of Gozag.
  3526 | D:5      | Became a worshipper of Gozag Ym Sagoz the Greedy
  3541 | D:5      | Found a basalt altar of Yredelemnul.
  3873 | D:5      | Noticed Chingon's ghost (amateur MiFi)
  3874 | D:5      | Found a transporter.
  3883 | D:5      | Found a transporter.
  4247 | D:5      | Found a snail-covered altar of Cheibriados.
  4248 | D:5      | Found an ancient bone altar of Kikubaaqudgha.
  4411 | D:5      | Reached skill level 10 in Ranged Weapons
  4576 | D:5      | Reached XP level 8. HP: 27/44 MP: 9/9
  4773 | D:5      | Reached skill level 11 in Ranged Weapons
  5246 | D:6      | Noticed Pikel
  5257 | D:6      | Slain by Pikel

Illustrated notes

Levels and vault maps discovered:
D:1:      lightli_iron_boxes, layout_loops_corners
D:2:      layout_rooms, uniq_jessica, uniq_natasha
D:3:      layout_loops_ring, serial_bayou, serial_bayou_lagoon_a,
          serial_bayou_ford_a, serial_bayou_pond_c, serial_bayou_lagoon_b
D:4:      layout_loops_cross, mainiacjoe_overflow_boulevard
D:5:      layout_cave_pods, mainiacjoe_overflow_large_starburst,
          nicolae_overflow_two_pavilions, gammafunk_ghost_smash, uniq_ijyb
D:6:      layout_cave_pools, gammafunk_ghost_grave, uniq_pikel

Skill      XL: |  1  2  3  4  5  6  7  8 |
---------------+-------------------------+-----
Ranged Weapons | 5 6 7 9 10 11 | 11.2
Fighting       | |  2.0
Dodging        | |  2.1
Stealth        | |  1.0

Action                   |  1- 3 |  4- 6 |  7- 9 || total
-------------------------+-------+-------+-------++-------
Melee: Shortbow          |       |       |     4 ||     4
       Kick              |       |       |     2 ||     2
       Peck              |       |       |     1 ||     1
 Fire: Shortbow          |   109 |   230 |   246 ||   585
  Use: Scroll            |       |    14 |     2 ||    16
       Potion            |       |     2 |     3 ||     5
Armor: Leather armour    |    28 |    28 |    45 ||   101
Dodge: Dodged            |    42 |    74 |   112 ||   228

Table legend: (Time is in decaauts)
 A = Elapsed time spent in this place.
 B = Non-inter-level travel time spent in this place.
 C = Inter-level travel time spent in this place.
 D = Time resting spent in this place.
 E = Time spent auto-exploring this place.
 F = Levels seen in this place.
 G = Mean time per level.
                   A        B        C        D        E       F      G
               +--------+--------+--------+--------+--------+-----+--------+
         Total |   5096 |   4805 |    291 |    953 |   2644 |   6 |  849.3 |
       Dungeon |   5096 |   4805 |    291 |    953 |   2644 |   6 |  849.3 |
               +--------+--------+--------+--------+--------+-----+--------+

Top non-repeatable levels by time:
     D:5: 1431 daAuts
     D:3: 1024 daAuts
     D:1: 831 daAuts
     D:2: 761 daAuts
     D:4: 653 daAuts
     D:6: 394 daAuts
